 Dungeon Crawl Stone Soup version 0.27.0-1-g7a089689b8 (webtiles) character file.

Game seed: 3813785214532589724

161 Edwards80 the Slasher (level 5, -2/41 (46) HPs)
             Began as a Minotaur Fighter on Aug 15, 2021.
             Was a Follower of Okawaru.
             Frozen to death by an endoplasm (3 damage)
             ... on level 3 of the Dungeon.
             The game lasted 00:04:52 (1550 turns).

Edwards80 the Slasher (Minotaur Fighter)            Turns: 1550, Time: 00:04:52

HP:   -2/41 (46)    AC:  8    Str: 21    XL:     5   Next: 19%
MP:   4/4           EV:  7    Int:  5    God:    Okawaru [*.....]
Gold: 98            SH:  9    Dex: 10    Spells: 4/4 levels left

rFire    . . .     SeeInvis .   a - +0 long sword
rCold    . . .     Faith    .   c - +0 kite shield
rNeg     . . .     Spirit   .   d - +0 scale mail
rPois    .         Reflect  .   (helmet restricted)
rElec    .         Harm     .   (no cloak)
rCorr    .         Rampage  .   i - +0 pair of gloves
Will     .....                  (no boots)
Stlth    ..........             (no amulet)
HPRegen  0.13/turn              (no ring)
MPRegen  0.09/turn              (no ring)

@: heavily drained
A: horns 2, retaliatory headbutt
a: Renounce Religion, Heroism


You were on level 3 of the Dungeon.
You worshipped Okawaru.
Okawaru was aware of your devotion.
You visited 1 branch of the dungeon, and saw 3 of its levels.

You collected 98 gold pieces.

Inventory:

Hand Weapons
 a - a +0 long sword (weapon)
 b - a +1 dagger of holy wrath
Armour
 c - a +0 kite shield (worn)
 d - a +0 scale mail (worn)
 i - a +0 pair of gloves (worn)
Scrolls
 e - a scroll of noise {unknown}
 f - 2 scrolls of enchant weapon {unknown}
 g - a scroll of blinking {unknown}
 h - a scroll of silence {unknown}


   Skills:
 - Level 3.8 Fighting
 + Level 6.2 Long Blades
 - Level 3.8 Armour
 - Level 3.8 Shields


You had 4 spell levels left.
You didn't know any spells.
Your spell library contained the following spells:

 Spells                   Type           Power      Damage    Failure   Level
 Ignite Poison            Fire/Tmut/Pois 0%         N/A       100%        3
 Mephitic Cloud           Conj/Pois/Air  0%         N/A       100%        3
 Bolt of Magma            Conj/Fire/Erth 0%         4d4       100%        5


Dungeon Overview and Level Annotations

Branches:
Dungeon (3/15)

Altars:
Okawaru


Innate Abilities, Weirdness & Mutations

You have a pair of horns on your head.
You reflexively headbutt those who attack you in melee.


Message History

You are too injured to fight recklessly!
You hit the orc priest but do no damage.
The orc priest is moderately wounded.
The orc priest hits you but does no damage.
You feel drained.
The endoplasm jiggles.
The endoplasm closely misses you.
You riposte.
You completely miss the endoplasm. The orc priest closely misses you.
You furiously retaliate!
You headbutt the orc priest.
You riposte.
You closely miss the orc priest.
The orc priest is heavily wounded.
You block the endoplasm's attack.
You barely miss the orc priest.
The orc priest is heavily wounded.
The orc priest hits you with a +0 mace of draining.
* * * LOW HITPOINT WARNING * * *
You feel drained.
* * * LOW HITPOINT WARNING * * *
The endoplasm freezes you.
You are frozen.
* * * LOW HITPOINT WARNING * * *
Unknown command.
You aren't carrying any potions.
There is a stone staircase leading up here.
You hit the orc priest but do no damage.
Your headbutt misses the orc priest.
The orc priest is heavily wounded.
You block the orc priest's attack. The endoplasm freezes you.
You are frozen.
* * * LOW HITPOINT WARNING * * *
The orc priest hits you with a +0 mace of draining.
* * * LOW HITPOINT WARNING * * *
You feel drained.
Unknown command.
You hit the orc priest. Your headbutt misses the orc priest.
The orc priest is severely wounded.
The endoplasm freezes you.
You are frozen.
You die...

#.###.. ####
........ ....
....... ...##
#####....# ....P
.........+ ...PP.
.........###...♣≈≈
..$......J...PP≈≈≈
.........o@...≈≈≈≈
..............≈≈≈≈
......#####....≈≈≈
?.... ...P.≈≈ ....
.....P≈ ...
....... ## ..P....
#......


You could see an orc priest and an endoplasm.

Vanquished Creatures
  A jelly (D:1)
  An orc wizard (D:2)
  4 adders (D:2)
  2 worms (D:1)
  3 orcs (D:2)
  5 ball pythons
  13 endoplasms
  5 giant cockroaches (D:1)
  3 goblins (D:1)
  3 hobgoblins
  2 jackals (D:2)
  2 quokkas
  3 bats (D:2)
  3 frilled lizards (D:1)
  6 kobolds
  A quokka skeleton (D:2)
  5 rats (D:1)
62 creatures vanquished.

Notes
Turn   | Place    | Note
-------+----------+-------------------------------------------
     0 | D:1      | Edwards80 the Minotaur Fighter began the quest for the Orb.
     0 | D:1      | Reached XP level 1. HP: 19/19 MP: 0/0
     0 | D:1      | Noticed a jelly
     1 | D:1      | Found a runed translucent door.
    16 | D:1      | Reached XP level 2. HP: 12/27 MP: 1/1
    17 | D:1      | Reached skill level 3 in Long Blades
    17 | D:1      | Reached XP level 3. HP: 12/33 MP: 2/2
    18 | D:1      | Reached skill level 4 in Long Blades
   424 | D:1      | Reached XP level 4. HP: 35/40 MP: 3/3
   577 | D:1      | Found a faded altar of an unknown god.
   709 | D:1      | Became a worshipper of Warmaster Okawaru
   709 | D:1      | Reached * piety under Okawaru
   779 | D:2      | Reached skill level 5 in Long Blades
  1537 | D:2      | Reached skill level 6 in Long Blades
  1537 | D:2      | Reached XP level 5. HP: 37/44 MP: 4/4
  1549 | D:3      | HP: 2/42 [frozen (4)]
  1550 | D:3      | Frozen to death by an endoplasm

Illustrated notes

Levels and vault maps discovered:
D:1:      dpeg_arrival_caged_fury, layout_rooms, basic_ecumenical_altar
D:2:      layout_basic
D:3:      layout_basic, mainiacjoe_overflow_divided_tiny,
          guppyfry_early_lair_pool

Skill      XL: |  1  2  3  4 |
---------------+-------------+-----
Long Blades    | 3 4 6 |  6.2
Fighting       | |  3.8
Armour         | |  3.8
Shields        | |  3.8

Action                   |  1- 3 |  4- 6 || total
-------------------------+-------+-------++-------
Melee: Long sword        |    48 |    95 ||   143
       Headbutt          |     7 |     9 ||    16
  Use: Potion            |     1 |       ||     1
Armor: Scale mail        |    18 |    58 ||    76
Dodge: Dodged            |     9 |    37 ||    46
Block: Kite shield       |    22 |    58 ||    80
       Rpst.: Long sword |     5 |     8 ||    13
